Unix NetHack Version 3.7.0-84 Work-in-progress - last build May 8 2023 02:49:33 (a521f9c9ba282fe1dbcfd9214424a180692735d4,branch:master). Game began 2023-05-17 16:22:23, ended 2023-05-17 18:35:15. moulin, chaotic male human Rogue ------- ------- |>.|..| --|e$$o.| |.....| |.+qZ$Wh| ---.--.| |-|@M$g:|-- ----....|.-- |?+id:$.-.| |.......|..-- |-|Syyul|.| |....---|...| |.+GuZF.|.| |....|..|...| --|`$ngo|.| |.......|...| ------|.| --....|.....`-- |.| |.....|..|....| |.| |.....|--|..`.| |%| |..|.-- --...| |.| ----.| ----- |.| |..-------------------.| |......................| ------------------------ Moulin the Rogue St:14 Dx:18 Co:14 In:8 Wi:14 Ch:10 Chaotic S:8745 Dlvl:2 $:391 HP:0(59) Pw:48(48) AC:5 Xp:8/1953 T:7391 Latest messages: The yellow light wakes up. The gecko wakes up. The hobgoblin wakes up. The wraith wakes up. The gargoyle wakes up. The lichen wakes up. The leprechaun wakes up. The human mummy wakes up. The small mimic wakes up. The human zombie wakes up. The gargoyle wakes up. The python wakes up. The jackal wakes up. The elf zombie wakes up. The gray unicorn wakes up. The gnome wakes up. The manes wakes up. The rothe wakes up. The floating eye wakes up. You stop digging. In what direction? b Whammm!! The dwarf picks up 54 gold pieces. The leprechaun picks up 34 gold pieces. The jackal misses! The elf zombie hits! In what direction? b Thwack!! In what direction? b Whammm!! The leprechaun picks up 10 gold pieces. The human mummy hits! The human mummy hits again! The jackal bites! The rothe misses! The rothe bites! The rothe bites again! What do you want to write with? [- dgqt-vyzAILR or ?*] - You write in the dust with your fingertip. What do you want to write in the dust here? Elbereth The dwarf picks up 40 gold pieces. The human mummy turns to flee. The human mummy hits! The human mummy hits again! The jackal turns to flee. The jackal bites! The rothe turns to flee. The rothe hits! You die... Do you want your possessions identified? [ynq] (y) q Inventory: Coins $ - 391 gold pieces Weapons t - 9 poisoned +0 darts g - 8 +1 daggers named Ten (at the ready) R - 2 +1 daggers named Ten (alternate weapons; not wielded) q - a +0 elven dagger I - a +0 elven dagger named +0 Armor h - an uncursed +0 orcish helm (being worn) U - a blessed +2 pair of iron shoes (being worn) c - an uncursed burnt +2 leather armor Comestibles M - an uncursed slime mold S - an uncursed apple Q - an uncursed cram ration p - 2 uncursed food rations K - an uncursed fortune cookie J - an uncursed tripe ration m - an uncursed lizard corpse Scrolls o - an uncursed scroll of enchant armor Potions n - an uncursed potion of monster detection Rings A - an uncursed ring of cold resistance (on left hand) L - an uncursed ring of regeneration z - an uncursed ring of slow digestion d - an uncursed ring of teleport control Wands y - a wand of light (0:9) v - a wand of speed monster (0:4) u - a wand of striking (0:3) Tools b - an uncursed sack containing 6 items k - an uncursed lock pick x - a +0 pick-axe (weapon in hand) Contents of the sack: 142 gold pieces an uncursed +0 mummy wrapping an uncursed scroll of identify an uncursed scroll of magic mapping an uncursed potion of healing a cursed potion of healing Moulin the Rogue's attributes: Background: You were a Rogue, level 8 male human. You were chaotic, on a mission for Kos who was opposed by Issek (lawful) and Mog (neutral). You were in Sokoban, on level 2. You entered the dungeon 7391 turns ago. You had 1953 experience points, 607 more were needed to attain level 9. Your score was 8745 before end-of-game adjustments. Basics: You had 0 out of 59 hit points. You had all 48 energy points (spell power). Your armor class was 5. Your wallet contained 391 zorkmids, and you had 142 more stashed away in your pack. Autopickup was off. Final Characteristics: Your strength was 14 (peak:16, limit:18/100). Your dexterity was 18 (limit:18). Your constitution was 14 (limit:18). Your intelligence was 8 (limit:18). Your wisdom was 14 (limit:18). Your charisma was 10 (limit:18). Final Status: You were not hungry. You were unencumbered. You were wielding a pick-axe. You had no skill with pick-axe. Final Attributes: You were piously aligned. You were cold resistant. Your items were protected from cold. You were shock resistant. You were stealthy. You were fast. You are dead. Miscellaneous: You never encountered a bones level. Total elapsed playing time was 2 hours, 12 minutes and 38 seconds. Major events: Turn 1: moulin the chaotic male human Rogue entered the dungeon 430: attained the rank of Cutpurse (level 3) 1014: entered the Gnomish Mines 3231: entered Sokoban 3528: completed 1st Sokoban level 4168: completed 2nd Sokoban level 4189: attained the rank of Rogue (level 6) 4554: completed 3rd Sokoban level 7321: completed 4th Sokoban level 7391: killed by a rothe Vanquished creatures: a giant mimic a gelatinous cube a large dog a tengu 2 leprechauns a scorpion an ice vortex a brown pudding an owlbear a lizard 5 chickatrices a dust vortex a raven 2 gnome mummies a snake a wood nymph a water nymph 7 Mordor orcs a rock mole a yellow light a gnome leader a red naga hatchling a gray ooze a straw golem a paper golem 2 little dogs 2 floating eyes a dwarf a homunculus a kobold leader a kobold shaman 16 hill orcs 6 rothes 2 centipedes 4 giant bats a monkey 3 orc zombies a dwarf zombie 6 iguanas an acid blob a gas spore 4 hobbits 3 large kobolds a hobgoblin 3 giant rats 2 cave spiders 2 brown molds 2 yellow molds a green mold a red mold 5 gnomes 6 garter snakes a gnome zombie 5 geckos 2 jackals 2 foxes a kobold a goblin 3 sewer rats 8 grid bugs 7 lichens 2 kobold zombies 4 newts 152 creatures vanquished. No species were genocided or became extinct. Voluntary challenges: You read items or engraved 9 times. You engraved Elbereth 1 time. You never genocided any monsters. You never polymorphed an object. You never changed form. You used no wishes. You did not violate any of the special Sokoban rules. Achievements: You attained the rank of Cutpurse. You entered the Gnomish Mines. You entered a shop. You entered Sokoban. You attained the rank of Rogue. The Dungeons of Doom: levels 1 to 7 Level 1: Level 2: "stash NE" Level 3: A general store. Stairs down to The Gnomish Mines. Level 4: An altar to Kos, a fountain. Level 5: Many fountains. Level 6: Stairs up to Sokoban, level 5. Level 7: The Gnomish Mines: Level 4: Sokoban: levels 5 up to 2 Level 2: <- You were here. Solved. Final resting place for you, killed by a rothe. Level 3: Solved. Level 4: Solved. Level 5: Solved. Game over: ---------- / \ / REST \ / IN \ / PEACE \ / \ | moulin | | 533 Au | | killed by a | | rothe | | | | | | 2023 | *| * * * | * _________)/\\_//(\/(/\)/\//\/|_)_______ Goodbye moulin the Rogue... You died in Sokoban on dungeon level 2 with 8692 points, and 533 pieces of gold, after 7391 moves. You were level 8 with a maximum of 59 hit points when you died.